 Dungeon Crawl Stone Soup version 0.30.1-11-g7821555f0a (webtiles) character file.

Game seed: 3330578453690455257

255 lonewolfV2 the Trooper (level 6, -15/52 HPs)
             Began as a Formicid Fighter on Nov 28, 2023.
             Blown up by Ijyb (18 damage)
             ... with a mindburst bolt
             ... on level 4 of the Dungeon.
             The game lasted 00:04:55 (2701 turns).

lonewolfV2 the Trooper (Formicid Fighter)           Turns: 2701, Time: 00:04:55

Health: -15/52     AC:  8    Str: 18 (21) XL:     6   Next: 38%
Magic:  6/6        EV:  6    Int:  5 (7)  God:
Gold:   185        SH: 13    Dex: 13 (15) Spells: 5/5 levels left

rFire   . . .        a - +1 war axe
rCold   . . .        h - +0 tower shield
rNeg    . . .        b - +0 scale mail
rPois   .            (helmet unavailable)
rElec   .            k - +0 cloak
rCorr   .            (no gloves)
SInv    +            (no boots)
Will    .....        (no amulet) Stlth
                     (no ring)
HPRegen 0.28/turn    (no ring)
MPRegen 0.10/turn

%: no passive effects
@: mighty
A: permanent stasis, dig shafts and tunnels, antennae 3, four strong arms
a: Dig, Shaft Self


You were on level 4 of the Dungeon.
You visited 1 branch of the dungeon, and saw 4 of its levels.

You collected 185 gold pieces.

Inventory:

Hand Weapons
 a - a +1 war axe (weapon)
Armour
 b - a +0 scale mail (worn)
 c - a +0 buckler
 h - a +0 tower shield (worn)
 k - a +0 cloak (worn)
Scrolls
 l - a scroll of amnesia
 m - a scroll of teleportation {unknown}
 n - a scroll of enchant armour {unknown}
Potions
 d - a potion of might
 f - a potion of invisibility {unknown}
 g - 2 potions of flight
 j - a potion of attraction {unknown}


   Skills:
 + Level 5.6 Fighting
 + Level 4.6 Axes
 - Level 3.2 Armour
 - Level 4.0 Shields


You had 5 spell levels left.
You didn't know any spells.
Your spell library contained the following spells:

 Spells                   Type           Power      Damage    Failure   Level
 Freeze                   Ice            0%         1d3       100%        1
 Ensorcelled Hibernation  Hex/Ice        0%         N/A       100%        2
 Frozen Ramparts          Ice            0%         1d1       100%        3
 Hailstorm                Conj/Ice       0%         3d3       100%        3
 Spider Form              Tmut/Pois      0%         N/A       100%        3
 Anguish                  Hex/Necr       0%         N/A       100%        4


Dungeon Overview and Level Annotations

Branches:
Dungeon (4/15)
 Temple: D:4-7

Altars:
Okawaru

Shops:
D:2 :

Annotations:
D:4 Ijyb


Innate Abilities, Weirdness & Mutations

You cannot be hasted, slowed, berserked, paralysed or teleported.
You can dig through walls and to a lower floor.
You have a pair of large antennae on your head. (SInv)
Your four strong arms can wield two-handed weapons with a shield.


Message History

You barely miss Ijyb.
Ijyb is lightly wounded.
You closely miss the hound. The hound bites you but does no damage.
Ijyb hits you with a +0 club. The hound bites you but does no damage.
Ijyb hits you but does no damage. You block the hound's attack.
You barely miss Ijyb.
Ijyb is lightly wounded.
You closely miss the hound. The hound barely misses you.
You block Ijyb's attack. You block the hound's attack.
You barely miss Ijyb.
Ijyb is lightly wounded.
You barely miss the hound. You block the hound's attack.
Ijyb hits you but does no damage. You block the hound's attack.
You block Ijyb's attack.
You closely miss Ijyb.
Ijyb is lightly wounded.
You hit the hound. The hound bites you but does no damage. The hound bites you.
Ijyb zaps a wand.
You struggle to resist.
The hound bites you but does no damage.
Ijyb zaps a wand.
Your mind is blasted!
You feel much better. You block the hound's attack.
Ijyb zaps a wand.
Your mind is blasted!
You feel very mighty all of a sudden. You block the hound's attack.
The hound barely misses you.
Ijyb zaps a wand.
Your mind is blasted!
* * * LOW HITPOINT WARNING * * *
You hit Ijyb but do no damage.
Ijyb is lightly wounded.
You barely miss the hound. The hound closely misses you.
Ijyb hits you but does no damage. You block the hound's attack.
You slash Ijyb!
Ijyb is heavily wounded.
You slash the hound!
You kill the hound!
Ijyb hits you but does no damage. Ijyb hits you with a +0 club.
* * * LOW HITPOINT WARNING * * *
It was a potion of degeneration.
There was something very wrong with that liquid.
You feel weakened.
You feel dopey.
You feel clumsy.
Ijyb zaps a wand.
Your mind is blasted!
You die...

.##.#########.###........#
............#.....########
###.....##.........#######
.........).####...........
###.#####.#####.#...######
#....##.###..... ####...>#
#####.## ####.....#### ..
#.##..)@###....########.
.......g######.......##.
#.#.###?.....###........
.. ######..[......... .
###.......... #..........
#.......... { #..........
{ #..........


You could see Ijyb.

Vanquished Creatures
  A hound (D:4)
  Terence (D:3)
  An iguana (D:3)
  2 orc wizards (D:4)
  Robin (D:3)
  4 adders
  2 orcs
  5 endoplasms
  3 giant cockroaches
  8 goblins
  8 hobgoblins
  12 jackals
  2 quokkas
  9 ball pythons
  3 bats
  3 frilled lizards
  7 kobolds
  4 rats
76 creatures vanquished.

Notes
Turn   | Place    | Note
-------+----------+-------------------------------------------
     0 | D:1      | lonewolfV2 the Formicid Fighter began the quest for the
                  | Orb.
     0 | D:1      | Reached XP level 1. HP: 18/18 MP: 1/1
     9 | D:1      | Found a faded altar of an unknown god.
    45 | D:1      | Reached XP level 2. HP: 23/24 MP: 2/2
   437 | D:1      | Reached XP level 3. HP: 30/30 MP: 3/3
   810 | D:1      | Reached skill level 4 in Fighting
   947 | D:2      | Found Duent's Book Boutique.
  1006 | D:2      | Reached XP level 4. HP: 34/37 MP: 4/4
  1857 | D:3      | Noticed Terence
  1858 | D:3      | Noticed Robin
  1879 | D:3      | Killed Terence
  1880 | D:3      | Reached XP level 5. HP: 27/43 MP: 5/5
  1896 | D:3      | Killed Robin
  2045 | D:3      | Reached skill level 5 in Fighting
  2241 | D:4      | Reached XP level 6. HP: 13/51 MP: 6/6
  2624 | D:4      | Found an iron altar of Okawaru.
  2683 | D:4      | Noticed Ijyb
  2701 | D:4      | Blown up by Ijyb

Illustrated notes

Levels and vault maps discovered:
D:1:      minmay_arrival_nine_rooms, layout_basic,
          ebering_ecumenical_altar_petrified, serial_forest,
          infiniplex_forest_clump_medium, infiniplex_forest_zigzag_2,
          infiniplex_forest_clump_tiny, infiniplex_forest_clump_tiny,
          infiniplex_forest_clump_curved
D:2:      minmay_angry_zag, layout_loops_ring, serial_shops, shop,
          wad_floor_pattern_2
D:3:      layout_rooms, uniq_terence, uniq_robin
D:4:      layout_rooms, ashenzari_conservatory_becter, lemuel_tele_altar,
          minmay_temple_entry_gardened_gates, uniq_ijyb

Skill      XL: |  1  2  3  4  5 |
---------------+----------------+-----
Fighting       | 4 5 |  5.6
Axes           | 3 4 |  4.6
Armour         | |  3.2
Shields        | |  4.0

Action                     |  1- 3 |  4- 6 || total
---------------------------+-------+-------++-------
  Melee: War axe           |    79 |   123 ||   202
    Use: Scroll            |     4 |     4 ||     8
         Potion            |       |     5 ||     5
 Armour: Scale mail        |    45 |    68 ||   113
  Dodge: Dodged            |    38 |    44 ||    82
  Block: Buckler           |    25 |    13 ||    38
         Tower shield      |       |    71 ||    71
